 Dungeon Crawl Stone Soup version 0.16-a0-331-g39fd2ee (webtiles) character file.

567 PolkaDot the Summoner (level 7, -3/46 HPs)
             Began as a Vampire Summoner on Sept 6, 2014.
             Slain by a shadow imp (6 damage)
             ... summoned by Natasha
             ... on Level 4 of the Dungeon.
             The game lasted 00:14:07 (3535 turns).

PolkaDot the Summoner (Vampire Summoner)            Turns: 3535, Time: 00:14:07

HP  -3/46        AC  3     Str  7      XL: 7   Next: 11%
MP  10/12        EV 12     Int 19      God:
Gold 182         SH  0     Dex 14      Spells:  3 memorised,  4 levels left

rFire  . . .     SeeInvis +     i - +2 whip (elec)
rCold  . . .     Clarity  .     a - +1 robe
rNeg   . . .     rCorr    .     (no shield)
rPois  .         rRot     .     (no helmet)
rElec  .         Spirit   .     (no cloak)
SustAb .         Warding  .     (no gloves)
rMut   .         Stasis   .     (no boots)
Gourm  .                        (no amulet)
MR     .....                    (no ring)
                                (no ring)

@: regenerating quickly, slowed, very slow, not resistant to hostile
enchantments, unstealthy
A: bottle blood, fangs 3, see invisible, unbreathing
a: Bottle Blood


You were on level 4 of the Dungeon.
You were very full.

You visited 1 branch of the dungeon, and saw 4 of its levels.

You collected 182 gold pieces.

Inventory:

Hand weapons
 i - a +2 whip of electrocution (weapon)
Armour
 a - a +1 robe (worn)
Magical devices
 d - a wand of magic darts (0)
 e - a wand of enslavement (6) {unknown}
 p - a wand of slowing (12) {unknown}
Scrolls
 l - a scroll of remove curse
Potions
 c - 2 potions of magic
 f - a potion of restore abilities {unknown}
 g - a potion of haste {unknown}
 h - a potion of brilliance {unknown}
 j - 2 potions of invisibility {unknown}
 k - a potion of heal wounds {unknown}
 q - a potion of poison {unknown}
 r - a potion of agility {unknown}
Books
 b - a book of Callings

   Spells                             Type                      Level
   *Summon Small Mammal               Summoning                    1
   *Call Imp                          Summoning                    2
   *Call Canine Familiar              Summoning                    3
   Summon Guardian Golem              Hexes/Summoning              4
   Summon Lightning Spire             Summoning/Air                4
   Summon Ice Beast                   Ice/Summoning                4
 n - a book of the Dragon

   Spells                             Type                      Level
   Flight                             Charms/Air                   3
   Cause Fear                         Hexes                        4
   Bolt of Fire                       Conjuration/Fire             6
   Dragon Form                        Transmutation                7
   Dragon's Call                      Summoning                    9


   Skills:
 - Level 2.1 Dodging
 - Level 3.0 Stealth
 - Level 2.0 Spellcasting
 * Level 8.6 Summonings


You had 4 spell levels left.
You knew the following spells:

 Your Spells              Type           Power        Failure   Level  Hunger
a - Summon Small Mammal   Summ           ####         1%          1    #......
d - Call Canine Familiar  Summ           ####....     1%          3    ####...
s - Call Imp              Summ           ####....     1%          2    ##.....


Dungeon Overview and Level Annotations

Branches:
Dungeon (4/15)
 Temple: D:4-7

Altars:
Ashenzari
Elyvilon
Makhleb
Xom
Zin

Annotations:
D:4 Natasha


Innate Abilities, Weirdness & Mutations

Your natural rate of healing is unusually fast.
You can bottle blood from corpses.
You have razor-sharp teeth.
You have supernaturally acute eyesight.
You can survive without breathing.


Message History

Confirm with . or Enter, or press ? or * to list all spells.
Natasha barely misses you. The shadow imp barely misses you.
Natasha casts a spell at you.
You feel as though you will be slow longer.
The shadow imp hits you but does no damage.
Your hound closely misses Natasha.
The white imp gestures at you. The puff of frost hits you!
* * * LOW HITPOINT WARNING * * *
Natasha mumbles some strange words.
Your hound closely misses Natasha.
Your hound misses Natasha.
Natasha stares at you and mumbles some strange words.
The magic dart hits you!
* * * LOW HITPOINT WARNING * * *
The white imp gestures at you. The puff of frost hits you!
* * * LOW HITPOINT WARNING * * *
Your hound barely misses Natasha.
The shadow imp hits you.
You die...

.?....... .................#####
.#######. .............##.#...#
.# ..######.##......... .# .##
#.# #.#####.#...# .# ... #.##
#....)..# ## .# #.# ##.#
#######.# # .# #.###.## #.# .# .#
#.####.#.### #.##.## .#
#.?......@.###### #...... .#
#####.#.##55....# ##.#.## .#
####....##.h.5..# #>#.#
.#######.....####......# #...#
.##......#.....##.h....# #.###
.#..##########.........#####.####
...## #.................. ..##
#..###.#######.#### ..# ##.. ..
#.#


You could see Natasha, 2 white imps, a shadow imp and a friendly hound.

Vanquished Creatures
  Pikel (D:4)
  A slave (D:4)
  Natasha (D:4)
  A worker ant (D:4)
  4 adders
  2 worms (D:3)
  An ooze (D:2)
  2 orcs
  8 bats
  5 giant cockroaches
  6 hobgoblins
  2 jackals (D:3)
  2 ball pythons
  3 goblins
  3 kobolds
  3 quokkas
  5 rats
50 creatures vanquished.

Vanquished Creatures (collateral kills)
  A slave (D:4)
  A crimson imp (D:3)
  An adder (D:4)
  2 giant geckos
  3 bats
  2 goblins (D:1)
  A hobgoblin (D:1)
  3 kobolds (D:1)
  A rat (D:4)
15 creatures vanquished.

Vanquished Creatures (others)
  A hound (D:4)
  A white imp (D:4)
  A hobgoblin (D:4)
  5 bats
8 creatures vanquished.

Grand Total: 73 creatures vanquished

Notes
Turn   | Place    | Note
--------------------------------------------------------------
     0 | D:1      | PolkaDot, the Vampire Summoner, began the quest for the Orb.
     0 | D:1      | Reached XP level 1. HP: 13/13 MP: 3/3
   552 | D:1      | Reached XP level 2. HP: 13/19 MP: 0/4
   596 | D:1      | Learned a level 2 spell: Call Imp
  1167 | D:2      | Reached skill level 5 in Summonings
  1167 | D:2      | Reached XP level 3. HP: 11/24 MP: 6/6
  1999 | D:2      | Learned a level 3 spell: Call Canine Familiar
  2134 | D:3      | Found a shattered altar of Ashenzari.
  2179 | D:3      | Reached XP level 4. HP: 28/30 MP: 7/7
  2531 | D:3      | Found a burning altar of Makhleb.
  2531 | D:3      | Found a shimmering altar of Xom.
  2653 | D:3      | Reached skill level 6 in Summonings
  2923 | D:3      | Found a white marble altar of Elyvilon.
  2986 | D:4      | Noticed a slave
  2987 | D:4      | Noticed a slave
  2990 | D:4      | Noticed a slave
  2992 | D:4      | Noticed a slave
  2998 | D:4      | Killed a slave
  3000 | D:4      | Killed a slave
  3145 | D:4      | Noticed Natasha
  3160 | D:4      | Killed Natasha
  3175 | D:4      | Reached XP level 5. HP: 10/35 MP: 6/9
  3252 | D:4      | Noticed Pikel
  3267 | D:4      | Killed Pikel
  3267 | D:4      | Reached skill level 8 in Summonings
  3267 | D:4      | Reached XP level 6. HP: 10/41 MP: 10/10
  3267 | D:4      | Reached XP level 7. HP: 11/46 MP: 12/12
  3392 | D:4      | Found a glowing silver altar of Zin.
  3521 | D:4      | Noticed Natasha
  3535 | D:4      | Slain by a shadow imp

Action                   |  1- 3 |  4- 6 |  7- 9 || total
-------------------------+-------+-------+-------++-------
Melee: Unarmed           |    46 |       |       ||    46
       Short sword       |    65 |    61 |       ||   126
       Whip              |       |       |    23 ||    23
 Cast: Summon Small Mamm |    27 |       |       ||    27
       Call Imp          |     3 |     8 |       ||    11
       Call Canine Famil |       |     2 |     1 ||     3
  Use: Potion            |     1 |     4 |       ||     5
       Scroll            |       |     6 |       ||     6
 Stab: Sleeping          |     6 |     3 |       ||     9
  Eat: Corpse            |    15 |     8 |     2 ||    25
